 Dungeon Crawl Stone Soup version 0.28-a0-32-g8dfe7f97f6 (webtiles) character file.

Game seed: 8067482801753952659

114 BorisBritva the Twirler (level 4, 0/34 HPs)
             Began as a Demonspawn Gladiator on July 27, 2021.
             Was an Initiate of Gozag.
             Slain by sn0wgr3's ghost (1 damage)
             ... on level 3 of the Dungeon.
             The game lasted 00:05:32 (3602 turns).

BorisBritva the Twirler (Demonspawn Gladiator)      Turns: 3602, Time: 00:05:33

Health: 0/34       AC: 18    Str: 15    XL:     4   Next: 67%
Magic:  4/4        EV: 10    Int:  9    God:    Gozag
Gold:   370        SH:  0    Dex: 15    Spells: 3/3 levels left

rFire   . . .      SeeInvis .   a - +0 quarterstaff
rCold   . . .      Faith    .   (shield currently unavailable)
rNeg    . . .      Spirit   .   h - +0 scale mail
rPois   .          Reflect  .   c - +0 helmet
rElec   .          Harm     .   e - +0 cloak
rCorr   .          Rampage  .   m - +0 pair of gloves
Will    .....                   (no boots)
Stlth   ..........              (no amulet)
HPRegen 0.11/turn               (no ring)
MPRegen 0.09/turn               (no ring)

@: sanguine armoured, on berserk cooldown, slowed, very slow
A: sanguine armour 2
a: Renounce Religion, Potion Petition, Call Merchant, Bribe Branch


You were on level 3 of the Dungeon.
You worshipped Gozag.
Gozag was aware of your devotion.
You visited 1 branch of the dungeon, and saw 3 of its levels.

You collected 370 gold pieces.

Inventory:

Hand Weapons
 a - a +0 quarterstaff (weapon)
Missiles
 d - 3 throwing nets (quivered)
Armour
 c - a +0 helmet (worn)
 e - a +0 cloak (worn)
 h - a +0 scale mail (worn)
 m - a +0 pair of gloves (worn)
Jewellery
 l - a ring of magical power
 t - a ring of protection from fire
Scrolls
 b - a scroll of enchant armour
 g - a scroll of torment {unknown}
 i - a scroll of amnesia {unknown}
 o - a scroll of teleportation {unknown}
 q - a scroll of vulnerability {unknown}
 s - a scroll of fear {unknown}
Potions
 f - 2 potions of lignification
 j - a potion of curing
 p - a potion of cancellation {unknown}
 r - a potion of degeneration {unknown}
 u - a potion of heal wounds {unknown}


   Skills:
 + Level 2.5 Fighting
 + Level 3.9 Staves
 - Level 1.7 Throwing
 + Level 1.4 Armour
 + Level 3.2 Dodging


You had 3 spell levels left.
You didn't know any spells.
Your spell library was empty.

Dungeon Overview and Level Annotations

Branches:
Dungeon (3/15)

Altars:
Elyvilon
Gozag

Shops:
D:3 *

Annotations:
D:3 1 transporter, sn0wgr3's ghost, weakling GrFi


Innate Abilities, Weirdness & Mutations

When seriously injured, your bleeding wounds create thick armour. (AC +9)


Message History

Sn0wgr3's ghost turns its malevolent gaze towards you.
You hear a shout!
The ogre shouts!
There is a transporter landing site here.
There is a transporter here.
It was a potion of ambrosia.
You are confused.
You feel invigorated.
You feel less invigorated.
You feel less confused.
Sn0wgr3's ghost whispers, "There is no future for you."
There is a transporter here.
It was a potion of berserk rage.
A red film seems to cover your vision as you go berserk!
You feel yourself moving faster!
You feel mighty!
You enter the transporter and appear at another place.
You feel a strong urge to attack something.
You feel your anger nearly subside.
You barely miss the ogre. Sn0wgr3's ghost hits you!
The ogre hits you with a +6 dire flail.
Your blood congeals into armour.
You barely miss the ogre. The ogre closely misses you.
Sn0wgr3's ghost hits you but does no damage.
The ogre closely misses you.
You sock the ogre!
The ogre is heavily wounded.
You are no longer berserk.
You are exhausted.
You feel yourself slow down.
Sn0wgr3's ghost hits you but does no damage.
Sn0wgr3's ghost says, "I am invincible!"
The ogre barely misses you. The ogre hits you but does no damage.
Your scale mail prevents you from hitting the ogre.
You hit the ogre.
The ogre is lightly wounded.
Sn0wgr3's ghost hits you! The ogre hits you with a +6 dire flail!
* * * LOW HITPOINT WARNING * * *
Sn0wgr3's ghost hits you.
You die...
Your body crumbles into a pile of gold.

#.............##.#.#.#...##.#.
#...>......©.©................
#.....#############...........
#.....#....$?.....#...........
#.....#.#..#.#..#.#...........
###...#..##...##..#...........
#...#..##...##..#...........
#...#.#..#W#..#.#......####.
#...#©....O@....#.).........
#...#############...........
#....##.#'#...............(.
########.#.#................#
#.....##.#.#..)......#.#.####
#........#.#..)...#......##..
#.....####.............#.##..
#.......<....................
#......#.....................


You could see an ogre and sn0wgr3's ghost.

Vanquished Creatures
  An orc wizard (D:3)
  3 adders
  A worm (D:2)
  3 dart slugs
  2 orcs (D:3)
  3 endoplasms
  2 giant cockroaches
  4 goblins
  A hobgoblin (D:2)
  6 jackals (D:2)
  3 quokkas
  5 ball pythons
  5 bats
  2 frilled lizards (D:2)
  4 kobolds
  4 rats
49 creatures vanquished.

Notes
Turn   | Place    | Note
-------+----------+-------------------------------------------
     0 | D:1      | BorisBritva the Demonspawn Gladiator began the quest for
                  | the Orb.
     0 | D:1      | Reached XP level 1. HP: 16/16 MP: 1/1
   255 | D:1      | Gained mutation: When seriously injured, your bleeding
                  | wounds create armour. (AC +9) [demonic ancestry]
   255 | D:1      | Reached XP level 2. HP: 19/22 MP: 2/2
   540 | D:1      | Found a faded altar of an unknown god.
   915 | D:1      | Became a worshipper of Gozag Ym Sagoz the Greedy
  1441 | D:2      | Reached XP level 3. HP: 27/27 MP: 3/3
  2531 | D:3      | Reached skill level 1 in Armour
  2540 | D:3      | Gained mutation: When seriously injured, your bleeding
                  | wounds create thick armour. (AC +9) [demonic ancestry]
  2540 | D:3      | Reached XP level 4. HP: 33/34 MP: 4/4
  3009 | D:3      | Found Zaifir's Assorted Antiques.
  3271 | D:3      | Found a transporter.
  3271 | D:3      | Noticed sn0wgr3's ghost (weakling GrFi)
  3271 | D:3      | Noticed an ogre
  3296 | D:3      | Noticed an ogre
  3319 | D:3      | Found a transporter.
  3602 | D:3      | HP: 1/34 [ogre (13)]
  3602 | D:3      | Slain by sn0wgr3's ghost

Illustrated notes

Levels and vault maps discovered:
D:1:      ncdulo_wetmaze, layout_loops_corners, shapermc_ecumenical_altar_gd
D:2:      layout_loops_corners, basic_altar
D:3:      layout_basic, serial_shops, shop, gammafunk_ghost_smash

Skill      XL: |  1  2  3 |
---------------+----------+-----
Staves         | 3 |  3.9
Dodging        | 3 |  3.2
Armour         | 1 |  1.4
Fighting       | |  2.5
Throwing       | |  1.7

Action                   |  1- 3 |  4- 6 || total
-------------------------+-------+-------++-------
Melee: Quarterstaff      |   125 |    52 ||   177
  Use: Scroll            |     2 |     2 ||     4
       Potion            |       |     2 ||     2
 Stab: Sleeping          |     2 |       ||     2
Armor: Leather armour    |    16 |       ||    16
       Scale mail        |    49 |    35 ||    84
Dodge: Dodged            |    75 |    26 ||   101

Table legend: (Time is in decaauts)
 A = Elapsed time spent in this place.
 B = Non-inter-level travel time spent in this place.
 C = Inter-level travel time spent in this place.
 D = Time resting spent in this place.
 E = Time spent auto-exploring this place.
 F = Levels seen in this place.
 G = Mean time per level.
                   A        B        C        D        E       F      G
               +--------+--------+--------+--------+--------+-----+--------+
         Total |   3630 |   3481 |    149 |      0 |   3045 |   3 | 1210.0 |
       Dungeon |   3630 |   3481 |    149 |      0 |   3045 |   3 | 1210.0 |
               +--------+--------+--------+--------+--------+-----+--------+

Top non-repeatable levels by time:
     D:2: 1316 daAuts
     D:1: 1227 daAuts
     D:3: 1087 daAuts
